 Dungeon Crawl Stone Soup version 0.25-a0-253-g6f1b5d974a (webtiles) character file.

Game seed: 5188095002947333606, levelgen mode: classic

3005 Borgoz the Carver (level 9, -5/57 HPs)
             Began as a Gargoyle Fighter on Dec 6, 2019.
             Was an Initiate of Ashenzari.
             Slain by Menkaure (13 damage)
             ... on level 7 of the Dungeon.
             The game lasted 00:14:28 (7427 turns).

Borgoz the Carver (Gargoyle Fighter)                Turns: 7427, Time: 00:14:29

Health: -5/57      AC: 13    Str: 23    XL:     9   Next: 84%
Magic:  9/9        EV: 13    Int:  9    God:    Ashenzari [......]
Gold:   232        SH:  0    Dex:  9    Spells: 8/8 levels left

rFire    . . .     SeeInvis .   a - +0 long sword (curse)
rCold    . . .     Gourm    .   (no shield)
rNeg     + . .     Faith    .   e - +0 steam dragon scales (curse)
rPois    ∞         Spirit   .   (no helmet)
rElec    +         Reflect  .   (no cloak)
rCorr    .         Harm     .   (no gloves)
MR       .....                  (no boots)
Stlth    +.........             (no amulet)
HPRegen  0.19/turn              (no ring)
MPRegen  0.11/turn              (no ring)

@: no status effects
A: negative energy resistance 1, electricity resistance, unbreathing,
petrification resistance, rot immunity, AC +6
a: Curse Item, Renounce Religion


You were on level 7 of the Dungeon.
You worshipped Ashenzari.
Ashenzari was noncommittal.
You were not hungry.

You visited 1 branch of the dungeon, and saw 8 of its levels.
You also visited: Sewer.

You collected 232 gold pieces.

Inventory:

Hand Weapons
 a - a cursed +0 long sword (weapon)
Armour
 e - cursed +0 steam dragon scales (worn)
Jewellery
 n - an uncursed ring of ice
 r - an uncursed ring of ice
Wands
 b - a wand of polymorph (5)
 d - a wand of flame (26)
 m - a wand of random effects (3)
 o - a wand of paralysis (9)
Scrolls
 c - a scroll of identify
 h - a scroll of enchant armour
 j - 3 scrolls of teleportation
 k - a scroll of magic mapping
 p - 4 scrolls of remove curse
 v - a scroll of enchant weapon
 w - a scroll of fear {unknown}
Potions
 g - a potion of haste {unknown}
 i - a potion of curing
 l - a potion of flight
 q - 2 potions of agility
 t - a potion of resistance {unknown}
 u - 3 potions of magic
Comestibles
 f - 3 rations


   Skills:
 + Level 7.3 Fighting
 * Level 8.0 Long Blades
 + Level 7.3 Armour
 + Level 4.7 Dodging
   Level 3.2 Shields


You had 8 spell levels left.
You didn't know any spells.
Your spell library contained the following spells:

 Spells                   Type           Power        Failure   Level  Hunger
 Beastly Appendage        Tmut           #.....       38%         1    ##.....
 Sticks to Snakes         Tmut           #.......     52%         2    ###....
 Spider Form              Tmut/Pois      #.........   77%         3    ####...
 Ice Form                 Ice/Tmut       #.......     99%         4    #####..
 Blade Hands              Tmut           #.........   100%        5    ######.
 Bolt of Magma            Conj/Fire/Erth #.........   100%        5    ######.
 Iskenderun's Battlesphe  Conj/Chrm      #.......     100%        5    ######.
 Iron Shot                Conj/Erth      #.........   100%        6    #######
 Orb of Destruction       Conj           #.........   100%        7    #######
 Spellforged Servitor     Conj/Summ      #.........   100%        7    #######


Dungeon Overview and Level Annotations

Branches:
Dungeon (8/15)              Sewer (visited)
 Temple: D:4-7         Lair: D:8-11

Altars:
Ashenzari
Elyvilon
Kikubaaqudgha
Sif Muna
Xom

Shops:
D:4 [   D:5 *

Annotations:
D:7 Menkaure, Pikel


Innate Abilities, Weirdness & Mutations

You are resistant to torment.
Your stone body is resilient. (AC +6)
You are immune to poison.
You resist negative energy. (rN+)
You are resistant to electric shocks. (rElec)
You can survive without breathing.
You are immune to petrification.
You are immune to rotting.


Message History

You kill the orc wizard!
Menkaure's bandages flutter.
Menkaure hits you.
Pikel hits you with a +1 whip of freezing.
Pikel freezes you.
You slash the orc!
You kill the orc!
Menkaure barely misses you. Pikel hits you but does no damage.
Menkaure hits you! Menkaure hits you.
* * * LOW HITPOINT WARNING * * *
Items here: )) [[ †† You hit Menkaure but do no damage.
Menkaure is severely damaged.
Menkaure hits you!
* * * LOW HITPOINT WARNING * * *
Pikel misses you.
You hit Menkaure.
Menkaure is almost destroyed.
The orc closely misses you. Menkaure hits you!
You die...

####### #.....#
#.....############
#................#
#.....#.##.[###..#
#...[.#.##..###M.#####
####..##.....ppK@.....#####
#......####..###o.........#
#.##...####..###...)......# #
#.....).............#..#
#...#########(#<.......# .
##..##..).((..#........#####..
#.###..##........................
#......##.................>......
#####.###....(..#####...##.......


You could see Pikel, 2 slaves, Menkaure and an orc.

Vanquished Creatures
  A centaur skeleton (D:5)
  Prince Ribbit (D:7)
  Sigmund (D:3)
  2 steam dragons (D:6)
  A water moccasin (D:6)
  An ice beast (D:6)
  3 phantoms
  2 slaves
  3 ogres
  2 centaurs
  A bullfrog (D:8)
  3 scorpions
  2 howler monkeys (D:6)
  A crimson imp (D:5)
  5 hounds
  A jelly (D:6)
  3 orc priests
  2 bullfrog skeletons (D:5)
  7 orc wizards
  2 hound zombies (D:5)
  A hound skeleton (D:7)
  2 howler monkey zombies (D:5)
  3 worker ant zombies
  8 adders
  3 river rats (D:6)
  A shadow imp (D:6)
  4 oozes
  2 adder skeletons
  3 dart slugs
  4 leopard geckos
  28 orcs
  A ball python (D:6)
  12 bats
  6 giant cockroaches
  10 goblins
  10 hobgoblins
  20 jackals
  18 kobolds
  5 quokkas
  7 frilled lizards
  2 leopard gecko zombies
  2 quokka zombies (D:5)
  10 rats
206 creatures vanquished.

Vanquished Creatures (others)
  An orc (D:4)
  A kobold (D:2)
2 creatures vanquished.

Grand Total: 208 creatures vanquished

Notes
Turn   | Place    | Note
-------+----------+-------------------------------------------
     0 | D:1      | Borgoz the Gargoyle Fighter began the quest for the Orb.
     0 | D:1      | Reached XP level 1. HP: 14/14 MP: 1/1
    36 | D:1      | Reached skill level 2 in Long Blades
    39 | D:1      | Reached XP level 2. HP: 17/19 MP: 2/2
   333 | D:1      | Reached XP level 3. HP: 23/23 MP: 3/3
   795 | D:2      | Reached skill level 1 in Dodging
  1085 | D:2      | Reached XP level 4. HP: 29/29 MP: 4/4
  1235 | D:2      | Found a white marble altar of Elyvilon.
  1886 | D:3      | Noticed Sigmund
  1898 | D:3      | Killed Sigmund
  1898 | D:3      | Reached skill level 3 in Long Blades
  1898 | D:3      | Reached XP level 5. HP: 16/34 MP: 5/5
  1898 | D:3      | Reached XP level 6. HP: 19/39 MP: 6/6
  2200 | D:3      | Noticed a phantom
  2232 | D:3      | Killed a phantom
  2232 | D:3      | Reached skill level 4 in Long Blades
  2895 | D:4      | Reached XP level 7. HP: 39/44 MP: 7/7
  3103 | D:4      | Reached skill level 5 in Fighting
  3103 | D:4      | Reached skill level 5 in Armour
  3274 | D:4      | Found Gigoum's Armour Boutique.
  3393 | D:4      | Reached skill level 5 in Long Blades
  3958 | D:5      | Entered Level 5 of the Dungeon
  3995 | D:4      | Reached XP level 8. HP: 46/50 MP: 8/8
  4076 | D:5      | Found Vigha's Assorted Antiques.
  4495 | D:5      | Reached skill level 6 in Long Blades
  4588 | D:5      | Found a shimmering altar of Xom.
  4678 | D:5      | Found an ancient bone altar of Kikubaaqudgha.
  4919 | D:6      | Reached XP level 9. HP: 14/56 MP: 9/9
  4987 | D:6      | Found a glowing drain.
  5046 | Sewer    | Entered a sewer
  5636 | D:6      | Reached skill level 7 in Long Blades
  6187 | D:6      | Found a shattered altar of Ashenzari.
  6201 | D:6      | Became a worshipper of Ashenzari the Shackled
  6734 | D:6      | Found a shimmering blue altar of Sif Muna.
  6774 | D:7      | Noticed Prince Ribbit
  6820 | D:7      | Killed Prince Ribbit
  7104 | D:7      | Noticed Pikel
  7104 | D:7      | Noticed Menkaure
  7156 | D:8      | Reached skill level 8 in Long Blades
  7427 | D:7      | Slain by Menkaure

Levels and vault maps discovered:
D:1:      ncdulo_lavacross, layout_loops_ring
D:2:      layout_loops_corners, elyvilon_altar_4
D:3:      layout_basic, first_ration, grunt_ministairs_11, uniq_sigmund
D:4:      layout_loops_ring, serial_shops, nicolae_shop_behind_doors,
          hangedman_abyss_or_decor_stagger, lemuel_flame_loot_1
D:5:      layout_rooms, kennysheep_mini_moat, nicolae_overflow_hidden_temple,
          serial_shops, shop, serial_undead, serial_undead_f, serial_undead_c,
          serial_undead_d, serial_undead_f, serial_undead_c, serial_undead_c
D:6:      cheibrodos_steamvent, layout_basic, marbit_many_paths,
          portal_sewer_entry_a, led_sif_pool
D:7:      layout_loops_cross, minmay_temple_entry_nine_rooms,
          serial_bayou_crossing, uniq_prince_ribbit1, uniq_pikel, uniq_menkaure,
          uniq_crazy_yiuf_cottage
D:8:      layout_cave_pools, grunt_temple_overflow_holy_war, the_bakery,
          kennysheep_decorative_pillar, corexii_checkpoint_b, uniq_grum

Skill      XL: |  1  2  3  4  5  6  7  8  9 |
---------------+----------------------------+-----
Long Blades    | 2 3 4 5 6 8 |  8.0
Dodging        | 1 2 3 4 |  4.7
Fighting       | 4 5 6 7 |  7.3
Armour         | 4 5 6 7 |  7.3
Shields        | |  3.2

Action                   |  1- 3 |  4- 6 |  7- 9 || total
-------------------------+-------+-------+-------++-------
Melee: Long sword        |    97 |   141 |   546 ||   784
Invok: Curse Item        |       |       |     2 ||     2
Evoke: Wand              |       |       |     1 ||     1
  Use: Potion            |       |     1 |    15 ||    16
       Scroll            |       |       |    14 ||    14
 Stab: Paralysed         |       |       |     7 ||     7
  Eat: Chunk             |     1 |     6 |    12 ||    19
       Ration            |       |       |     1 ||     1
Armor: Scale mail        |    87 |    74 |   255 ||   416
       Steam dragon scal |       |       |    97 ||    97
       Skin              |       |       |    32 ||    32
Dodge: Dodged            |    76 |    91 |   474 ||   641
       Rpst.: Long sword |    24 |    31 |   150 ||   205

Table legend:
 A = Non-vault XP
 B = Vault XP
 C = Vault XP percentage of total XP
 D = Non-vault monster count
 E = Vault monster count
 F = Vault count percentage of total count
                 A         B        C        D         E       F
            +---------+---------+-------+---------+---------+-------
      Total |    3138 |    1156 |  26.9 |     158 |      46 |  22.5
            +---------+---------+-------+---------+---------+-------
        D:1 |      44 |       0 |   0.0 |      22 |       0 |   0.0
        D:2 |      68 |       0 |   0.0 |      21 |       0 |   0.0
        D:3 |     198 |     284 |  58.9 |      31 |       3 |   8.8
        D:4 |     623 |       0 |   0.0 |      34 |       0 |   0.0
        D:5 |     804 |     138 |  14.6 |      19 |       8 |  29.6
        D:6 |     614 |     432 |  41.3 |      15 |      10 |  40.0
        D:7 |     393 |     251 |  39.0 |      11 |       1 |   8.3
        D:8 |     394 |       0 |   0.0 |       5 |       0 |   0.0
      Sewer |       0 |      51 | 100.0 |       0 |      24 | 100.0
            +---------+---------+-------+---------+---------+-------
